General information
- name: BNet
- type: Ladder team game (AT/RT)
- host: Battle.net
- saver: BRG
map: Friends
- players: 8
- length: 73:21
- speed: Fast
- version: 1.24 W3XP
- replay type:

» download(885 KB)
Players
team 1 (loser)

»
Conditioned (
yellow | 104 APM | 6072 actions | 58:20)
7 Dreadlord
3 Sleep
3 Vampiric Aura
1 Inferno
» actions
| Assign group hotkey | 41 | |
| Basic commands | 194 | |
| Build / train | 96 | |
| ESC pressed | 1 | |
| Enter build submenu | 34 | |
| Enter hero's abilities submenu | 7 | |
| Give item / drop item | 3 | |
| Remove unit from queue | 2 | |
| Right click | 2865 | |
| Select / deselect | 751 | |
| Select group hotkey | 1961 | |
| Use ability | 117 | |
6072 total
» units
| Acolyte | 25 | |
| Ghoul | 8 | |
| Meatwagon | 16 | |
| Necromancer | 5 | |
| Obsidian Statue | 1 | |
| Goblin Zeppelin | 1 | |
56 total
» upgrades
| Unholy Strength | 3 | |
| Cannibalize | 1 | |
| Necromancer Training | 2 | |
| Exhume Corpses | 1 | |
| Disease Cloud | 1 | |
| Skeletal Mastery | 1 | |
| Skeletal Longevity | 1 | |
10 total
» buildings
| Graveyard | 2 | |
| Ziggurat | 15 | |
| Crypt | 2 | |
| Nerubian Tower | 3 | |
| Altar of Darkness | 1 | |
| Halls of the Dead | 1 | |
| Tomb of Relics | 1 | |
| Black Citadel | 1 | |
| Slaughterhouse | 2 | |
| Temple of the Damned | 1 | |
| Spirit Tower | 3 | |
| Necropolis | 1 | |
| Sacrificial Pit | 1 | |
34 total
» build order
00:28 Graveyard
01:10 Ziggurat
02:01 Crypt
02:12 Ziggurat
03:18 Nerubian Tower
03:21 Ziggurat
03:22 Ziggurat
04:42 Altar of Darkness
04:55 Halls of the Dead
05:56 Ziggurat
06:19 Crypt
06:58 Tomb of Relics
07:29 Black Citadel
07:32 Slaughterhouse
07:33 Slaughterhouse
09:31 Ziggurat
10:18 Temple of the Damned
12:50 Ziggurat
13:10 Ziggurat
15:09 Spirit Tower
15:13 Ziggurat
17:05 Ziggurat
17:05 Ziggurat
18:24 Ziggurat
22:30 Spirit Tower
22:33 Spirit Tower
32:53 Ziggurat
37:25 Necropolis
39:09 Ziggurat
39:10 Ziggurat
47:50 Nerubian Tower
47:52 Nerubian Tower
52:52 Sacrificial Pit
53:16 Graveyard
» items
| Orb of Corruption | 1 | |
| Dust of Appearance | 1 | |
| Sacrificial Skull | 1 | |
| Scroll of Town Portal | 3 | |
| Rod of Necromancy | 1 | |
| Potion of Healing | 2 | |
| Belt of Giant Strength +6 | 1 | |
| Health Stone | 1 | |
| Book of the Dead | 1 | |
12 total

»
Paleon (
blue | 251 APM | 18422 actions | 73:21)
7 Death Knight
3 Death Coil
3 Unholy Aura
1 Animate Dead
7 Lich
3 Frost Nova
2 Frost Armor
1 Death and Decay
1 Dark Ritual
2 Crypt Lord
1 Impale
1 Carrion Beetles
» actions
| Assign group hotkey | 9928 | |
| Basic commands | 10 | |
| Build / train | 150 | |
| ESC pressed | 1 | |
| Enter build submenu | 27 | |
| Enter hero's abilities submenu | 16 | |
| Give item / drop item | 8 | |
| Remove unit from queue | 3 | |
| Right click | 6511 | |
| Select / deselect | 570 | |
| Select group hotkey | 784 | |
| Use ability | 414 | |
18422 total
» units
| Acolyte | 18 | |
| Ghoul | 11 | |
| Crypt Fiend | 22 | |
| Frost Wyrm | 18 | |
| Goblin Zeppelin | 1 | |
70 total
» upgrades
| Creature Attack | 3 | |
| Creature Carapace | 3 | |
| Web | 1 | |
| Freezing Breath | 1 | |
| Backpack | 1 | |
| Burrow | 1 | |
10 total
» buildings
| Graveyard | 1 | |
| Crypt | 1 | |
| Altar of Darkness | 1 | |
| Ziggurat | 7 | |
| Nerubian Tower | 2 | |
| Tomb of Relics | 1 | |
| Halls of the Dead | 1 | |
| Spirit Tower | 4 | |
| Black Citadel | 1 | |
| Sacrificial Pit | 1 | |
| Boneyard | 2 | |
| Necropolis | 6 | |
28 total
» build order
00:17 Graveyard
00:27 Crypt
01:06 Altar of Darkness
01:12 Ziggurat
02:37 Nerubian Tower
03:39 Tomb of Relics
04:07 Ziggurat
04:30 Ziggurat
04:54 Ziggurat
05:58 Halls of the Dead
07:51 Nerubian Tower
07:53 Spirit Tower
08:19 Black Citadel
10:26 Sacrificial Pit
11:19 Boneyard
11:28 Boneyard
12:39 Ziggurat
13:58 Ziggurat
16:13 Ziggurat
22:31 Spirit Tower
29:20 Necropolis
59:18 Spirit Tower
59:53 Spirit Tower
72:35 Necropolis
72:38 Necropolis
72:48 Necropolis
72:51 Necropolis
73:06 Necropolis
» items
| Rod of Necromancy | 4 | |
| Dust of Appearance | 1 | |
| Robe of the Magi +6 | 2 | |
| Orb of Corruption | 1 | |
| Scroll of Town Portal | 7 | |
| Potion of Healing | 6 | |
| Scroll of Healing | 4 | |
| Mana Stone | 1 | |
| Alleria's Flute of Accuracy | 1 | |
| Ankh of Reincarnation | 2 | |
| Potion of Restoration | 2 | |
| Scroll of Animate Dead | 1 | |
| Wand of the Wind | 1 | |
| Sobi Mask | 2 | |
| Belt of Giant Strength +6 | 2 | |
| Scroll of Restoration | 1 | |
| Book of the Dead | 1 | |
| Amulet of the Wild | 1 | |
40 total

»
SecondBarrel (
purple | 52 APM | 3032 actions | 58:39)
5 Archmage
3 Summon Water Elemental
2 Brilliance Aura
4 Blood Mage
2 Flame Strike
2 Siphon Mana
1 Mountain King
1 Storm Bolt
» actions
| Basic commands | 11 | |
| Build / train | 209 | |
| Enter build submenu | 98 | |
| Enter hero's abilities submenu | 9 | |
| Remove unit from queue | 3 | |
| Right click | 1193 | |
| Select / deselect | 1232 | |
| Use ability | 277 | |
3032 total
» units
| Peasant | 63 | |
| Footman | 4 | |
| Mortar Team | 7 | |
| Goblin Zeppelin | 3 | |
| Flying Machine | 14 | |
| Knight | 4 | |
| Goblin Shredder | 2 | |
97 total
» upgrades
| Masonry | 3 | |
| Lumber Harvesting | 1 | |
| Flare | 1 | |
| Fragmentation Shards | 1 | |
| Gunpowder | 3 | |
| Flak Cannons | 1 | |
| Armor | 1 | |
| Animal War Training | 1 | |
12 total
» buildings
| Altar of Kings | 1 | |
| Barracks | 1 | |
| Farm | 10 | |
| Lumber Mill | 1 | |
| Scout Tower | 149 | |
| Arcane Tower | 9 | |
| Guard Tower | 56 | |
| Keep | 1 | |
| Arcane Vault | 1 | |
| Blacksmith | 1 | |
| Workshop | 2 | |
| Castle | 1 | |
| Town Hall | 5 | |
| Gryphon Aviary | 1 | |
239 total
» build order
00:11 Altar of Kings
00:23 Barracks
00:36 Farm
01:14 Farm
01:26 Lumber Mill
01:48 Scout Tower
01:54 Scout Tower
01:57 Farm
02:34 Arcane Tower
03:13 Scout Tower
03:58 Guard Tower
04:02 Keep
04:11 Arcane Vault
06:39 Blacksmith
07:35 Workshop
07:37 Workshop
08:14 Castle
09:58 Farm
09:59 Farm
11:52 Scout Tower
12:45 Farm
12:46 Guard Tower
12:52 Scout Tower
13:44 Guard Tower
13:46 Scout Tower
14:45 Farm
14:46 Farm
14:49 Guard Tower
14:51 Scout Tower
15:37 Town Hall
16:09 Farm
16:09 Farm
16:13 Guard Tower
17:31 Scout Tower
17:34 Scout Tower
17:36 Scout Tower
17:40 Scout Tower
18:07 Town Hall
18:13 Scout Tower
18:15 Scout Tower
18:16 Scout Tower
18:17 Scout Tower
18:20 Guard Tower
18:35 Scout Tower
19:11 Guard Tower
19:14 Scout Tower
19:22 Scout Tower
19:27 Scout Tower
19:55 Guard Tower
19:57 Guard Tower
19:59 Scout Tower
20:03 Guard Tower
20:05 Scout Tower
20:30 Guard Tower
20:59 Scout Tower
21:03 Guard Tower
22:12 Guard Tower
23:11 Town Hall
23:15 Scout Tower
23:44 Guard Tower
24:31 Scout Tower
24:57 Town Hall
26:11 Scout Tower
26:14 Scout Tower
30:22 Guard Tower
31:04 Scout Tower
31:08 Scout Tower
31:17 Guard Tower
31:31 Town Hall
31:39 Guard Tower
31:52 Scout Tower
31:54 Scout Tower
31:56 Scout Tower
31:59 Scout Tower
32:01 Scout Tower
32:04 Scout Tower
32:07 Scout Tower
32:13 Scout Tower
32:16 Scout Tower
32:24 Guard Tower
32:26 Scout Tower
32:28 Scout Tower
32:31 Scout Tower
32:37 Guard Tower
32:39 Scout Tower
32:41 Scout Tower
32:45 Scout Tower
32:47 Scout Tower
32:53 Arcane Tower
32:56 Scout Tower
33:06 Guard Tower
33:09 Scout Tower
33:10 Guard Tower
33:15 Guard Tower
33:22 Scout Tower
33:25 Arcane Tower
33:27 Guard Tower
33:28 Guard Tower
33:41 Arcane Tower
34:18 Scout Tower
34:19 Scout Tower
34:20 Scout Tower
34:20 Scout Tower
34:21 Scout Tower
34:22 Scout Tower
34:22 Scout Tower
34:23 Scout Tower
34:24 Scout Tower
34:24 Scout Tower
34:25 Scout Tower
34:39 Guard Tower
34:40 Guard Tower
34:42 Scout Tower
34:46 Scout Tower
34:48 Arcane Tower
34:50 Scout Tower
35:30 Guard Tower
35:36 Guard Tower
35:38 Scout Tower
35:43 Scout Tower
35:45 Scout Tower
35:48 Scout Tower
35:52 Scout Tower
35:52 Scout Tower
35:53 Scout Tower
35:54 Scout Tower
35:54 Scout Tower
35:55 Scout Tower
35:55 Scout Tower
35:56 Scout Tower
35:59 Guard Tower
36:15 Scout Tower
36:15 Scout Tower
36:16 Scout Tower
36:16 Scout Tower
36:17 Scout Tower
36:17 Scout Tower
36:17 Scout Tower
36:18 Scout Tower
36:30 Guard Tower
36:34 Scout Tower
36:34 Scout Tower
36:34 Scout Tower
36:35 Scout Tower
36:36 Scout Tower
36:36 Scout Tower
36:37 Scout Tower
36:38 Scout Tower
36:38 Scout Tower
36:39 Scout Tower
36:43 Guard Tower
36:46 Scout Tower
36:47 Scout Tower
36:49 Scout Tower
36:49 Scout Tower
36:50 Scout Tower
36:51 Scout Tower
36:52 Scout Tower
36:53 Scout Tower
36:54 Scout Tower
36:54 Scout Tower
36:55 Scout Tower
36:56 Scout Tower
36:58 Scout Tower
36:58 Scout Tower
36:59 Scout Tower
37:09 Guard Tower
37:13 Guard Tower
37:16 Guard Tower
37:23 Guard Tower
37:29 Guard Tower
37:37 Guard Tower
38:04 Guard Tower
38:06 Guard Tower
38:17 Guard Tower
38:23 Scout Tower
38:24 Scout Tower
38:24 Scout Tower
38:25 Scout Tower
38:25 Scout Tower
38:26 Scout Tower
38:27 Scout Tower
38:27 Scout Tower
39:38 Guard Tower
39:57 Guard Tower
40:02 Scout Tower
40:07 Scout Tower
40:08 Scout Tower
40:08 Scout Tower
40:09 Scout Tower
40:11 Scout Tower
40:11 Scout Tower
40:13 Scout Tower
40:18 Guard Tower
40:39 Guard Tower
41:31 Guard Tower
41:50 Guard Tower
41:54 Guard Tower
41:58 Scout Tower
41:59 Scout Tower
41:59 Scout Tower
41:59 Scout Tower
42:00 Scout Tower
42:01 Scout Tower
42:01 Scout Tower
42:02 Scout Tower
42:02 Scout Tower
42:02 Scout Tower
42:02 Scout Tower
42:04 Scout Tower
42:04 Scout Tower
42:05 Scout Tower
42:06 Scout Tower
42:44 Arcane Tower
42:59 Scout Tower
43:01 Scout Tower
43:21 Guard Tower
43:23 Guard Tower
43:25 Guard Tower
43:31 Arcane Tower
43:34 Scout Tower
43:39 Guard Tower
44:16 Guard Tower
46:13 Scout Tower
46:43 Arcane Tower
50:25 Scout Tower
50:29 Scout Tower
50:55 Scout Tower
50:57 Scout Tower
50:58 Scout Tower
50:59 Scout Tower
52:01 Guard Tower
52:49 Guard Tower
53:15 Guard Tower
54:59 Scout Tower
55:49 Gryphon Aviary
55:51 Arcane Tower
56:37 Guard Tower
56:41 Scout Tower
» items
| Scroll of Regeneration | 4 | |
| Lesser Clarity Potion | 1 | |
| Staff of Sanctuary | 2 | |
| Scroll of Town Portal | 6 | |
| Potion of Healing | 3 | |
| Potion of Mana | 1 | |
17 total

»
WME.JuKKaR (
orange | 157 APM | 8780 actions | 55:55)
7 Warden
3 Shadow Strike
2 Blink
1 Spirit of Vengeance
1 Fan of Knives
» actions
| Assign group hotkey | 55 | |
| Basic commands | 26 | |
| Build / train | 73 | |
| ESC pressed | 4 | |
| Enter build submenu | 20 | |
| Enter hero's abilities submenu | 7 | |
| Remove unit from queue | 6 | |
| Right click | 3748 | |
| Select / deselect | 576 | |
| Select group hotkey | 4040 | |
| Use ability | 225 | |
8780 total
» units
| Wisp | 11 | |
| Chimaera | 15 | |
| Druid of the Claw | 2 | |
28 total
» upgrades
| Corrosive Breath | 1 | |
| Ultravision | 1 | |
| Strength of the Wild | 3 | |
| Reinforced Hides | 3 | |
| Well Spring | 1 | |
| Druid of the Claw Training | 2 | |
| Strength of the Moon | 1 | |
| Hardened Skin | 1 | |
| Mark of the Claw | 2 | |
15 total
» buildings
| Altar of Elders | 1 | |
| Moon Well | 9 | |
| Tree of Ages | 2 | |
| Ancient of Wonders | 1 | |
| Tree of Eternity | 2 | |
| Ancient of Wind | 2 | |
| Chimaera Roost | 3 | |
| Hunter's Hall | 1 | |
| Ancient of Lore | 1 | |
| Ancient of War | 3 | |
25 total
» build order
00:32 Altar of Elders
00:44 Moon Well
02:20 Tree of Ages
02:20 Tree of Ages
02:25 Moon Well
02:30 Ancient of Wonders
04:13 Moon Well
04:58 Tree of Eternity
05:09 Ancient of Wind
07:25 Chimaera Roost
07:26 Chimaera Roost
07:27 Chimaera Roost
07:34 Moon Well
10:06 Hunter's Hall
11:28 Moon Well
11:29 Moon Well
17:54 Moon Well
24:13 Ancient of Lore
24:14 Ancient of War
24:15 Ancient of War
24:18 Ancient of War
28:53 Ancient of Wind
30:14 Moon Well
30:14 Moon Well
» items
| Mechanical Critter | 2 | |
| Staff of Preservation | 1 | |
| Anti-magic Potion | 1 | |
| Orb of Venom | 1 | |
| Scroll of Town Portal | 2 | |
| Potion of Healing | 1 | |
8 total
team 2 (winner)
BRG (
teal | 139 APM | 10218 actions | 73:21)
7 Blademaster
3 Wind Walk
3 Critical Strike
1 Bladestorm
6 Tauren Chieftain
3 Shockwave
2 Endurance Aura
1 Reincarnation
7 Pandaren Brewmaster
3 Breath of Fire
3 Drunken Haze
1 Storm Earth and Fire
» actions
| Assign group hotkey | 39 | |
| Basic commands | 13 | |
| Build / train | 151 | |
| Enter build submenu | 102 | |
| Enter hero's abilities submenu | 20 | |
| Give item / drop item | 5 | |
| Remove unit from queue | 2 | |
| Right click | 7593 | |
| Select / deselect | 870 | |
| Select group hotkey | 803 | |
| Use ability | 619 | |
10218 total
» units
| Peon | 25 | |
| Troll Batrider | 50 | |
| Goblin Shredder | 2 | |
| Goblin Zeppelin | 2 | |
79 total
» upgrades
| Liquid Fire | 1 | |
| Reinforced Defenses | 1 | |
2 total
» buildings
| Altar of Storms | 2 | |
| Orc Burrow | 10 | |
| War Mill | 3 | |
| Voodoo Lounge | 5 | |
| Watch Tower | 55 | |
| Stronghold | 2 | |
| Beastiary | 10 | |
| Fortress | 2 | |
| Great Hall | 4 | |
| Spirit Lodge | 1 | |
94 total
» build order
00:25 Altar of Storms
00:27 Orc Burrow
00:36 War Mill
01:29 Voodoo Lounge
02:05 Watch Tower
02:29 Watch Tower
03:10 Orc Burrow
03:12 Orc Burrow
03:36 Voodoo Lounge
03:58 Watch Tower
04:00 Watch Tower
04:30 Watch Tower
04:32 Watch Tower
04:37 Watch Tower
04:39 Watch Tower
05:17 Watch Tower
05:19 Watch Tower
05:36 Watch Tower
06:04 Voodoo Lounge
06:10 Watch Tower
06:16 Watch Tower
06:42 Watch Tower
07:50 Watch Tower
07:50 Watch Tower
07:51 Watch Tower
07:53 Stronghold
08:47 Orc Burrow
08:56 Watch Tower
08:57 Watch Tower
10:20 Beastiary
10:22 Beastiary
10:25 Fortress
11:45 Watch Tower
11:48 Watch Tower
13:03 Great Hall
13:06 Watch Tower
13:24 Beastiary
15:37 Watch Tower
15:38 Watch Tower
15:38 Watch Tower
15:43 Watch Tower
15:43 Watch Tower
16:57 Watch Tower
16:58 Watch Tower
17:10 Watch Tower
17:20 Watch Tower
17:21 Watch Tower
17:22 Watch Tower
17:41 Voodoo Lounge
18:04 Watch Tower
18:05 Watch Tower
18:19 Watch Tower
18:20 Watch Tower
19:46 Watch Tower
19:47 Watch Tower
19:47 Watch Tower
20:56 Watch Tower
20:57 Watch Tower
22:08 War Mill
23:14 Beastiary
24:06 Orc Burrow
27:20 Orc Burrow
34:22 Stronghold
36:51 Beastiary
37:01 Beastiary
37:03 Fortress
37:33 Beastiary
37:35 Spirit Lodge
37:36 Beastiary
37:37 Beastiary
37:39 Orc Burrow
37:39 Orc Burrow
37:42 Beastiary
37:58 War Mill
38:35 Orc Burrow
38:37 Orc Burrow
47:36 Altar of Storms
47:41 Voodoo Lounge
60:45 Great Hall
60:49 Watch Tower
60:49 Watch Tower
60:50 Watch Tower
61:54 Watch Tower
61:56 Watch Tower
62:26 Watch Tower
65:46 Watch Tower
65:46 Watch Tower
66:50 Watch Tower
67:04 Great Hall
67:09 Great Hall
67:09 Watch Tower
68:14 Watch Tower
72:58 Watch Tower
73:15 Watch Tower
» items
| Lesser Clarity Potion | 12 | |
| Healing Salve | 7 | |
| Inferno Stone | 2 | |
| Orb of Lightning | 3 | |
| Tiny Great Hall | 1 | |
| Scroll of Town Portal | 1 | |
| Staff of Sanctuary | 2 | |
| Robe of the Magi +6 | 1 | |
| Potion of Divinity | 1 | |
30 total
RoganJosh.Yum (
red | 118 APM | 8636 actions | 73:21)
6 Mountain King
3 Storm Bolt
2 Bash
1 Avatar
6 Paladin
3 Holy Light
2 Divine Shield
1 Resurrection
5 Blood Mage
3 Banish
2 Siphon Mana
» actions
| Assign group hotkey | 556 | |
| Basic commands | 45 | |
| Build / train | 179 | |
| Enter build submenu | 60 | |
| Enter hero's abilities submenu | 18 | |
| Give item / drop item | 17 | |
| Right click | 5386 | |
| Select / deselect | 524 | |
| Select group hotkey | 1292 | |
| Use ability | 559 | |
8636 total
» units
| Peasant | 20 | |
| Dragonhawk Rider | 6 | |
26 total
» upgrades
| Masonry | 3 | |
| Lumber Harvesting | 2 | |
| Animal War Training | 1 | |
| Swords | 3 | |
| Armor | 3 | |
12 total
» buildings
| Altar of Kings | 1 | |
| Farm | 5 | |
| Scout Tower | 97 | |
| Lumber Mill | 1 | |
| Arcane Tower | 4 | |
| Guard Tower | 66 | |
| Arcane Vault | 3 | |
| Keep | 5 | |
| Town Hall | 1 | |
| Castle | 3 | |
| Gryphon Aviary | 2 | |
| Barracks | 1 | |
| Blacksmith | 1 | |
190 total
» build order
00:02 Altar of Kings
00:09 Farm
00:38 Scout Tower
00:39 Farm
00:44 Lumber Mill
00:50 Scout Tower
00:52 Farm
01:22 Arcane Tower
01:23 Arcane Tower
01:48 Scout Tower
02:14 Scout Tower
02:15 Scout Tower
02:20 Scout Tower
03:09 Guard Tower
03:09 Guard Tower
03:10 Guard Tower
03:11 Guard Tower
03:12 Guard Tower
03:14 Scout Tower
03:16 Scout Tower
03:18 Scout Tower
03:19 Scout Tower
03:19 Scout Tower
03:20 Scout Tower
03:29 Arcane Vault
03:42 Scout Tower
03:42 Scout Tower
03:44 Scout Tower
04:00 Farm
04:09 Guard Tower
04:10 Guard Tower
04:10 Guard Tower
04:15 Guard Tower
04:15 Guard Tower
04:15 Guard Tower
04:29 Guard Tower
04:29 Guard Tower
04:42 Guard Tower
04:42 Guard Tower
04:58 Guard Tower
04:59 Guard Tower
05:18 Scout Tower
05:19 Scout Tower
05:25 Guard Tower
05:25 Guard Tower
05:25 Guard Tower
05:31 Guard Tower
05:31 Guard Tower
05:31 Guard Tower
05:42 Scout Tower
05:45 Scout Tower
06:10 Keep
06:10 Keep
06:10 Keep
06:18 Guard Tower
06:18 Guard Tower
07:52 Guard Tower
07:52 Guard Tower
08:36 Town Hall
08:43 Castle
08:43 Castle
08:52 Farm
09:06 Scout Tower
09:07 Scout Tower
09:08 Scout Tower
09:09 Scout Tower
09:10 Scout Tower
09:11 Scout Tower
09:12 Scout Tower
09:13 Scout Tower
10:00 Guard Tower
10:00 Guard Tower
10:24 Scout Tower
10:24 Scout Tower
10:25 Scout Tower
10:26 Scout Tower
10:27 Scout Tower
10:28 Scout Tower
10:29 Scout Tower
10:30 Scout Tower
10:31 Scout Tower
11:56 Arcane Vault
11:59 Arcane Vault
12:36 Gryphon Aviary
12:36 Gryphon Aviary
14:38 Guard Tower
14:38 Guard Tower
14:38 Guard Tower
15:54 Guard Tower
15:54 Guard Tower
15:54 Guard Tower
15:58 Scout Tower
15:59 Scout Tower
16:00 Scout Tower
16:02 Scout Tower
16:03 Scout Tower
16:04 Scout Tower
16:04 Scout Tower
16:05 Scout Tower
16:06 Scout Tower
16:08 Barracks
16:10 Blacksmith
16:43 Guard Tower
16:44 Guard Tower
19:58 Scout Tower
19:59 Scout Tower
19:59 Scout Tower
20:00 Scout Tower
20:02 Scout Tower
20:02 Scout Tower
20:04 Scout Tower
20:04 Scout Tower
20:08 Guard Tower
20:08 Guard Tower
22:05 Scout Tower
22:07 Scout Tower
22:13 Scout Tower
22:14 Scout Tower
22:15 Scout Tower
22:16 Scout Tower
22:18 Guard Tower
22:19 Guard Tower
24:50 Guard Tower
24:50 Guard Tower
26:44 Scout Tower
26:45 Scout Tower
26:45 Scout Tower
26:46 Scout Tower
26:46 Scout Tower
26:47 Scout Tower
26:47 Scout Tower
26:48 Scout Tower
26:48 Scout Tower
26:49 Scout Tower
26:50 Scout Tower
26:50 Scout Tower
26:50 Scout Tower
30:27 Guard Tower
30:28 Guard Tower
30:30 Guard Tower
33:11 Scout Tower
33:13 Scout Tower
33:14 Scout Tower
33:15 Scout Tower
33:17 Scout Tower
33:18 Scout Tower
33:19 Scout Tower
33:19 Scout Tower
33:22 Scout Tower
33:23 Scout Tower
33:24 Scout Tower
33:24 Scout Tower
33:26 Scout Tower
33:27 Scout Tower
33:28 Scout Tower
33:29 Scout Tower
33:32 Scout Tower
33:33 Scout Tower
33:34 Scout Tower
33:35 Scout Tower
33:36 Scout Tower
33:37 Scout Tower
33:38 Scout Tower
33:39 Scout Tower
33:41 Scout Tower
36:03 Guard Tower
36:03 Guard Tower
36:05 Guard Tower
36:05 Guard Tower
38:45 Guard Tower
38:45 Guard Tower
38:45 Guard Tower
» items
| Lesser Clarity Potion | 4 | |
| Scroll of Regeneration | 1 | |
| Healing Salve | 3 | |
| Scroll of Speed | 1 | |
| Orb of Lightning | 1 | |
| Staff of Sanctuary | 3 | |
| Sobi Mask | 2 | |
| Potion of Healing | 1 | |
| Mana Stone | 3 | |
| Scroll of Town Portal | 1 | |
| Orb of Fire | 1 | |
| Belt of Giant Strength +6 | 2 | |
| Robe of the Magi +6 | 1 | |
24 total

»
smellslikeUPDOG (
pink | 107 APM | 7847 actions | 73:21)
7 Archmage
3 Blizzard
3 Brilliance Aura
1 Mass Teleport
6 Blood Mage
3 Flame Strike
1 Siphon Mana
1 Banish
1 Summon Phoenix
6 Dark Ranger
3 Silence
2 Life Drain
1 Charm
» actions
| Assign group hotkey | 87 | |
| Basic commands | 150 | |
| Build / train | 251 | |
| ESC pressed | 13 | |
| Enter build submenu | 130 | |
| Enter hero's abilities submenu | 20 | |
| Give item / drop item | 8 | |
| Right click | 3168 | |
| Select / deselect | 808 | |
| Select group hotkey | 2583 | |
| Use ability | 629 | |
7847 total
» units
| Peasant | 18 | |
| Priest | 14 | |
| Goblin Zeppelin | 12 | |
| Dragonhawk Rider | 15 | |
| Sorceress | 2 | |
| Goblin Shredder | 1 | |
| Mortar Team | 6 | |
| Gryphon Rider | 1 | |
69 total
» upgrades
| Masonry | 3 | |
| Magic Sentry | 1 | |
| Animal War Training | 1 | |
| Armor | 4 | |
| Swords | 4 | |
| Lumber Harvesting | 1 | |
| Sorceress Training | 2 | |
| Priest Training | 2 | |
| Cloud | 1 | |
| Flak Cannons | 1 | |
| Gunpowder | 3 | |
| Barrage | 1 | |
| Fragmentation Shards | 1 | |
| Flare | 1 | |
| Plating | 2 | |
| Storm Hammers | 1 | |
29 total
» buildings
| Altar of Kings | 2 | |
| Farm | 15 | |
| Lumber Mill | 1 | |
| Scout Tower | 127 | |
| Arcane Tower | 3 | |
| Guard Tower | 67 | |
| Arcane Vault | 3 | |
| Keep | 1 | |
| Castle | 2 | |
| Arcane Sanctum | 1 | |
| Town Hall | 2 | |
| Gryphon Aviary | 2 | |
| Barracks | 1 | |
| Blacksmith | 1 | |
| Workshop | 3 | |
| Cannon Tower | 6 | |
237 total
» build order
00:10 Altar of Kings
00:22 Farm
00:50 Lumber Mill
00:56 Farm
01:22 Scout Tower
01:35 Farm
01:51 Arcane Tower
01:51 Arcane Tower
01:56 Scout Tower
02:07 Scout Tower
02:19 Scout Tower
02:28 Scout Tower
02:41 Guard Tower
02:44 Scout Tower
02:45 Scout Tower
03:06 Guard Tower
03:14 Scout Tower
03:31 Guard Tower
03:35 Scout Tower
04:15 Guard Tower
04:19 Scout Tower
04:28 Guard Tower
04:29 Scout Tower
04:47 Arcane Vault
05:04 Keep
05:24 Guard Tower
05:36 Scout Tower
05:37 Scout Tower
05:42 Guard Tower
05:46 Scout Tower
06:05 Scout Tower
06:09 Farm
06:20 Guard Tower
06:22 Scout Tower
06:23 Scout Tower
06:59 Guard Tower
07:00 Scout Tower
07:01 Scout Tower
07:03 Scout Tower
07:04 Scout Tower
07:05 Guard Tower
07:05 Guard Tower
07:39 Castle
07:39 Castle
07:43 Arcane Sanctum
07:52 Guard Tower
07:52 Guard Tower
07:52 Guard Tower
07:54 Scout Tower
07:55 Scout Tower
08:46 Guard Tower
08:48 Scout Tower
08:49 Scout Tower
08:49 Scout Tower
08:50 Scout Tower
08:52 Scout Tower
08:55 Scout Tower
09:57 Guard Tower
10:17 Guard Tower
10:22 Scout Tower
10:24 Scout Tower
10:39 Arcane Vault
10:39 Arcane Vault
10:44 Scout Tower
10:45 Scout Tower
11:02 Town Hall
11:27 Guard Tower
11:28 Scout Tower
11:30 Scout Tower
11:30 Scout Tower
11:33 Scout Tower
11:34 Scout Tower
11:50 Farm
11:57 Guard Tower
12:38 Guard Tower
12:57 Gryphon Aviary
13:51 Farm
13:55 Guard Tower
14:01 Scout Tower
15:53 Scout Tower
15:53 Scout Tower
16:58 Guard Tower
16:59 Guard Tower
17:04 Scout Tower
17:05 Scout Tower
17:10 Farm
17:11 Farm
18:09 Town Hall
18:58 Scout Tower
19:04 Gryphon Aviary
19:05 Barracks
19:38 Scout Tower
19:59 Guard Tower
20:13 Blacksmith
20:17 Arcane Tower
20:26 Scout Tower
20:29 Scout Tower
21:24 Scout Tower
21:25 Guard Tower
21:26 Guard Tower
21:27 Guard Tower
21:27 Guard Tower
21:52 Scout Tower
21:52 Scout Tower
21:53 Guard Tower
23:19 Guard Tower
23:20 Scout Tower
23:20 Scout Tower
24:03 Scout Tower
24:03 Scout Tower
24:04 Scout Tower
24:06 Scout Tower
24:14 Scout Tower
24:15 Scout Tower
24:16 Scout Tower
24:17 Scout Tower
24:19 Scout Tower
24:20 Guard Tower
24:20 Guard Tower
24:56 Guard Tower
25:20 Guard Tower
25:22 Scout Tower
25:22 Scout Tower
25:24 Altar of Kings
26:49 Scout Tower
26:50 Scout Tower
28:49 Scout Tower
28:50 Scout Tower
28:51 Guard Tower
29:53 Guard Tower
29:54 Scout Tower
29:55 Scout Tower
31:44 Guard Tower
32:20 Scout Tower
32:21 Scout Tower
32:22 Scout Tower
32:22 Scout Tower
32:23 Scout Tower
32:24 Scout Tower
32:24 Scout Tower
32:31 Scout Tower
32:31 Scout Tower
32:32 Scout Tower
32:33 Scout Tower
32:53 Guard Tower
32:53 Guard Tower
33:19 Scout Tower
33:21 Guard Tower
33:22 Scout Tower
33:23 Scout Tower
33:23 Scout Tower
34:22 Guard Tower
34:23 Guard Tower
34:25 Scout Tower
34:26 Scout Tower
34:26 Scout Tower
34:39 Scout Tower
34:40 Scout Tower
36:17 Scout Tower
36:18 Scout Tower
36:19 Scout Tower
36:20 Scout Tower
36:23 Guard Tower
36:27 Scout Tower
37:27 Scout Tower
37:27 Scout Tower
37:28 Guard Tower
37:29 Guard Tower
37:51 Scout Tower
37:56 Guard Tower
39:01 Scout Tower
39:03 Scout Tower
39:04 Guard Tower
39:04 Guard Tower
39:43 Workshop
39:47 Scout Tower
39:48 Scout Tower
39:50 Scout Tower
40:24 Scout Tower
40:25 Scout Tower
40:26 Scout Tower
40:27 Guard Tower
42:02 Workshop
42:04 Workshop
42:10 Guard Tower
42:11 Scout Tower
42:13 Scout Tower
42:26 Scout Tower
42:58 Guard Tower
42:59 Scout Tower
42:59 Scout Tower
43:00 Scout Tower
43:01 Scout Tower
43:02 Scout Tower
43:12 Cannon Tower
43:16 Cannon Tower
43:16 Cannon Tower
43:23 Farm
43:23 Farm
43:23 Farm
43:23 Farm
43:24 Farm
43:24 Farm
43:51 Scout Tower
43:54 Scout Tower
43:55 Guard Tower
43:56 Guard Tower
45:20 Guard Tower
45:26 Scout Tower
46:35 Farm
46:53 Cannon Tower
46:53 Cannon Tower
47:08 Guard Tower
50:28 Scout Tower
50:29 Scout Tower
50:30 Scout Tower
50:30 Scout Tower
50:32 Scout Tower
50:33 Scout Tower
50:33 Scout Tower
50:34 Scout Tower
50:34 Scout Tower
54:50 Guard Tower
» items
| Healing Salve | 2 | |
| Scroll of Speed | 2 | |
| Lesser Clarity Potion | 1 | |
| Staff of Sanctuary | 3 | |
| Scroll of Town Portal | 15 | |
| Orb of Lightning | 4 | |
| Inferno Stone | 1 | |
| Sobi Mask | 1 | |
| Ice Shard | 1 | |
| Potion of Divinity | 2 | |
| Stone Token | 1 | |
| Mechanical Critter | 2 | |
| Boots of Quel'Thalas +6 | 2 | |
| Healing Wards | 1 | |
| Potion of Healing | 1 | |
| Potion of Mana | 3 | |
42 total
TIMG4StrOK (
green | 114 APM | 8350 actions | 73:21)
8 Archmage
3 Blizzard
3 Brilliance Aura
2 Mass Teleport
6 Paladin
3 Holy Light
3 Divine Shield
» actions
| Assign group hotkey | 24 | |
| Basic commands | 107 | |
| Build / train | 240 | |
| ESC pressed | 5 | |
| Enter build submenu | 192 | |
| Enter hero's abilities submenu | 14 | |
| Give item / drop item | 10 | |
| Right click | 4140 | |
| Select / deselect | 770 | |
| Select group hotkey | 2078 | |
| Use ability | 770 | |
8350 total
» units
| Peasant | 34 | |
| Goblin Shredder | 1 | |
| Siege Engine | 9 | |
44 total
» upgrades
| Masonry | 3 | |
| Lumber Harvesting | 2 | |
| Magic Sentry | 1 | |
| Armor | 3 | |
| Animal War Training | 1 | |
| Swords | 2 | |
| Cloud | 1 | |
| Gunpowder | 3 | |
| Plating | 3 | |
| Barrage | 1 | |
20 total
» buildings
| Altar of Kings | 1 | |
| Farm | 18 | |
| Lumber Mill | 4 | |
| Scout Tower | 394 | |
| Arcane Tower | 3 | |
| Guard Tower | 131 | |
| Town Hall | 1 | |
| Keep | 1 | |
| Arcane Vault | 2 | |
| Arcane Sanctum | 1 | |
| Castle | 1 | |
| Gryphon Aviary | 2 | |
| Barracks | 1 | |
| Blacksmith | 2 | |
| Workshop | 6 | |
568 total
» build order
00:06 Altar of Kings
00:11 Farm
00:38 Lumber Mill
00:55 Scout Tower
01:22 Arcane Tower
01:23 Scout Tower
01:53 Scout Tower
01:57 Guard Tower
02:04 Farm
03:09 Scout Tower
03:10 Scout Tower
03:10 Scout Tower
03:11 Scout Tower
03:14 Arcane Tower
03:15 Scout Tower
03:18 Scout Tower
03:19 Scout Tower
03:57 Scout Tower
03:57 Scout Tower
03:59 Guard Tower
04:03 Scout Tower
04:03 Scout Tower
04:04 Scout Tower
04:32 Guard Tower
04:37 Farm
04:44 Guard Tower
04:55 Guard Tower
05:06 Guard Tower
05:11 Scout Tower
05:11 Scout Tower
05:14 Scout Tower
05:15 Scout Tower
05:18 Scout Tower
05:18 Scout Tower
05:21 Scout Tower
05:25 Scout Tower
05:28 Scout Tower
05:53 Guard Tower
06:03 Guard Tower
06:15 Guard Tower
06:15 Guard Tower
06:15 Guard Tower
06:19 Guard Tower
06:25 Guard Tower
06:30 Scout Tower
06:35 Guard Tower
06:41 Guard Tower
06:47 Guard Tower
06:48 Guard Tower
06:48 Guard Tower
06:58 Guard Tower
07:41 Guard Tower
08:10 Town Hall
09:57 Keep
10:01 Guard Tower
10:04 Scout Tower
10:04 Scout Tower
10:05 Scout Tower
10:06 Scout Tower
10:07 Scout Tower
10:12 Farm
11:43 Guard Tower
11:46 Scout Tower
11:46 Scout Tower
11:47 Scout Tower
11:47 Scout Tower
11:49 Scout Tower
11:49 Scout Tower
11:50 Scout Tower
11:50 Scout Tower
11:56 Arcane Vault
11:57 Arcane Vault
12:00 Scout Tower
12:01 Scout Tower
12:02 Scout Tower
12:02 Scout Tower
12:03 Scout Tower
12:03 Scout Tower
12:04 Scout Tower
12:05 Scout Tower
12:05 Scout Tower
12:05 Scout Tower
12:06 Scout Tower
12:07 Scout Tower
12:10 Scout Tower
12:10 Scout Tower
12:11 Scout Tower
12:11 Scout Tower
12:12 Scout Tower
12:13 Scout Tower
12:22 Arcane Sanctum
13:04 Guard Tower
13:09 Guard Tower
13:15 Scout Tower
13:16 Scout Tower
13:31 Guard Tower
13:56 Scout Tower
13:58 Scout Tower
13:58 Scout Tower
13:58 Scout Tower
14:00 Guard Tower
14:12 Guard Tower
14:35 Guard Tower
15:30 Guard Tower
15:44 Guard Tower
15:46 Scout Tower
15:46 Scout Tower
15:47 Scout Tower
15:49 Scout Tower
16:10 Castle
17:38 Guard Tower
17:42 Scout Tower
17:43 Scout Tower
17:43 Scout Tower
17:45 Scout Tower
17:45 Scout Tower
19:11 Guard Tower
19:20 Guard Tower
19:22 Scout Tower
19:24 Scout Tower
19:25 Scout Tower
19:25 Scout Tower
19:26 Scout Tower
19:26 Scout Tower
19:30 Scout Tower
19:30 Scout Tower
19:31 Scout Tower
19:31 Scout Tower
19:32 Scout Tower
19:32 Scout Tower
19:33 Scout Tower
19:34 Scout Tower
19:35 Scout Tower
19:50 Guard Tower
19:57 Scout Tower
19:57 Scout Tower
19:58 Scout Tower
19:59 Scout Tower
20:00 Scout Tower
20:00 Scout Tower
20:51 Scout Tower
20:52 Scout Tower
20:53 Scout Tower
20:53 Scout Tower
20:54 Scout Tower
20:54 Scout Tower
20:56 Guard Tower
20:58 Scout Tower
20:58 Scout Tower
21:03 Scout Tower
21:03 Scout Tower
21:05 Scout Tower
21:05 Scout Tower
21:06 Scout Tower
21:07 Scout Tower
21:08 Scout Tower
21:09 Scout Tower
21:47 Guard Tower
21:50 Guard Tower
21:51 Guard Tower
21:53 Scout Tower
21:53 Scout Tower
21:54 Scout Tower
21:54 Scout Tower
21:55 Scout Tower
21:55 Scout Tower
22:00 Scout Tower
22:01 Scout Tower
22:02 Scout Tower
22:02 Scout Tower
22:10 Scout Tower
22:11 Scout Tower
22:12 Scout Tower
22:12 Scout Tower
22:14 Scout Tower
22:19 Guard Tower
22:20 Scout Tower
22:21 Scout Tower
22:22 Scout Tower
22:22 Scout Tower
22:23 Scout Tower
22:23 Scout Tower
22:24 Scout Tower
22:25 Scout Tower
22:34 Guard Tower
22:46 Guard Tower
22:48 Scout Tower
22:50 Scout Tower
22:51 Scout Tower
22:51 Scout Tower
23:23 Guard Tower
24:19 Scout Tower
24:20 Scout Tower
24:20 Scout Tower
24:21 Scout Tower
24:22 Guard Tower
24:23 Scout Tower
24:24 Scout Tower
24:24 Scout Tower
24:25 Scout Tower
24:25 Scout Tower
24:25 Scout Tower
24:26 Scout Tower
24:35 Guard Tower
24:37 Scout Tower
24:38 Scout Tower
24:39 Scout Tower
24:39 Scout Tower
24:40 Scout Tower
24:40 Scout Tower
24:42 Guard Tower
24:44 Guard Tower
24:46 Scout Tower
24:46 Scout Tower
24:46 Scout Tower
24:47 Scout Tower
24:48 Scout Tower
24:49 Scout Tower
24:50 Scout Tower
24:55 Guard Tower
24:58 Guard Tower
25:16 Guard Tower
25:18 Scout Tower
25:19 Scout Tower
25:19 Scout Tower
25:20 Scout Tower
25:21 Scout Tower
25:54 Guard Tower
26:32 Scout Tower
26:33 Scout Tower
26:33 Scout Tower
26:34 Scout Tower
26:34 Scout Tower
26:36 Scout Tower
26:42 Guard Tower
27:11 Scout Tower
27:12 Scout Tower
27:13 Scout Tower
27:13 Scout Tower
27:47 Guard Tower
27:50 Scout Tower
27:51 Scout Tower
27:51 Scout Tower
27:52 Scout Tower
27:52 Scout Tower
27:53 Scout Tower
27:54 Scout Tower
27:54 Scout Tower
27:55 Scout Tower
27:56 Scout Tower
28:00 Scout Tower
28:00 Scout Tower
28:29 Guard Tower
28:30 Guard Tower
28:58 Guard Tower
29:16 Scout Tower
29:18 Scout Tower
29:19 Scout Tower
29:21 Scout Tower
29:21 Scout Tower
29:22 Scout Tower
29:22 Scout Tower
29:34 Gryphon Aviary
29:35 Farm
29:36 Barracks
29:37 Blacksmith
29:39 Gryphon Aviary
29:42 Guard Tower
29:46 Guard Tower
29:47 Guard Tower
29:50 Guard Tower
29:51 Guard Tower
30:05 Guard Tower
30:13 Scout Tower
30:14 Scout Tower
30:15 Scout Tower
30:18 Guard Tower
30:25 Guard Tower
30:26 Scout Tower
30:27 Scout Tower
30:29 Scout Tower
30:29 Scout Tower
30:30 Scout Tower
30:30 Scout Tower
30:31 Scout Tower
30:32 Scout Tower
32:01 Guard Tower
32:24 Guard Tower
32:28 Scout Tower
32:28 Scout Tower
32:29 Scout Tower
32:29 Scout Tower
32:30 Scout Tower
32:31 Scout Tower
32:31 Scout Tower
32:37 Guard Tower
34:06 Guard Tower
34:07 Scout Tower
34:08 Scout Tower
34:09 Scout Tower
34:10 Scout Tower
34:11 Scout Tower
34:13 Guard Tower
34:14 Guard Tower
34:15 Scout Tower
34:16 Scout Tower
34:17 Scout Tower
34:18 Scout Tower
34:18 Scout Tower
34:19 Scout Tower
35:07 Guard Tower
35:29 Guard Tower
35:46 Guard Tower
35:49 Scout Tower
35:50 Scout Tower
35:51 Scout Tower
35:51 Scout Tower
35:52 Scout Tower
35:52 Scout Tower
35:53 Scout Tower
35:53 Scout Tower
35:54 Scout Tower
35:56 Scout Tower
35:57 Scout Tower
35:58 Scout Tower
35:59 Scout Tower
36:06 Guard Tower
36:43 Guard Tower
37:00 Guard Tower
37:12 Guard Tower
37:25 Guard Tower
37:28 Scout Tower
37:29 Scout Tower
37:29 Scout Tower
37:30 Scout Tower
37:30 Scout Tower
37:31 Scout Tower
37:32 Scout Tower
37:42 Guard Tower
37:43 Scout Tower
37:44 Scout Tower
37:44 Scout Tower
37:45 Scout Tower
37:45 Scout Tower
37:49 Scout Tower
37:50 Scout Tower
37:53 Scout Tower
37:55 Scout Tower
37:56 Scout Tower
37:56 Scout Tower
37:56 Scout Tower
37:57 Scout Tower
37:58 Scout Tower
37:59 Scout Tower
38:00 Guard Tower
38:02 Scout Tower
38:03 Scout Tower
38:03 Scout Tower
38:04 Scout Tower
38:05 Scout Tower
38:05 Scout Tower
38:06 Scout Tower
38:06 Scout Tower
38:13 Lumber Mill
38:22 Guard Tower
38:51 Guard Tower
39:14 Guard Tower
39:19 Scout Tower
39:20 Scout Tower
39:21 Scout Tower
39:21 Scout Tower
39:23 Scout Tower
39:24 Scout Tower
39:32 Guard Tower
40:05 Guard Tower
40:21 Farm
40:22 Farm
40:22 Farm
40:23 Farm
40:23 Farm
40:24 Farm
40:25 Farm
40:25 Farm
40:26 Farm
40:26 Farm
40:27 Farm
40:28 Farm
40:29 Farm
40:31 Guard Tower
41:09 Guard Tower
41:10 Guard Tower
41:14 Scout Tower
41:16 Scout Tower
41:16 Scout Tower
41:17 Scout Tower
41:18 Scout Tower
41:18 Scout Tower
41:21 Scout Tower
41:22 Scout Tower
41:22 Scout Tower
41:23 Scout Tower
41:41 Guard Tower
41:55 Guard Tower
42:03 Guard Tower
42:05 Guard Tower
42:09 Guard Tower
42:54 Scout Tower
42:54 Scout Tower
42:54 Scout Tower
42:55 Scout Tower
43:11 Guard Tower
43:13 Scout Tower
43:15 Scout Tower
43:25 Scout Tower
43:26 Scout Tower
43:27 Guard Tower
43:52 Guard Tower
44:03 Guard Tower
44:04 Scout Tower
44:05 Scout Tower
44:05 Scout Tower
44:06 Scout Tower
44:06 Scout Tower
44:07 Scout Tower
44:07 Scout Tower
44:07 Scout Tower
44:08 Scout Tower
44:20 Guard Tower
45:19 Scout Tower
45:19 Scout Tower
45:20 Scout Tower
45:22 Scout Tower
45:22 Scout Tower
45:23 Scout Tower
45:23 Scout Tower
45:25 Guard Tower
45:43 Scout Tower
45:43 Scout Tower
46:52 Guard Tower
46:57 Guard Tower
47:01 Guard Tower
47:08 Guard Tower
47:12 Scout Tower
47:12 Scout Tower
47:13 Scout Tower
47:14 Scout Tower
47:54 Guard Tower
48:09 Guard Tower
48:34 Arcane Tower
48:57 Guard Tower
49:21 Guard Tower
49:33 Scout Tower
49:34 Scout Tower
49:36 Scout Tower
49:36 Scout Tower
50:12 Guard Tower
50:35 Guard Tower
50:40 Guard Tower
50:53 Scout Tower
50:54 Scout Tower
50:54 Scout Tower
50:56 Scout Tower
50:57 Scout Tower
51:22 Guard Tower
51:48 Guard Tower
51:51 Scout Tower
51:52 Scout Tower
51:53 Scout Tower
51:53 Scout Tower
51:54 Scout Tower
51:54 Scout Tower
51:55 Scout Tower
51:55 Scout Tower
51:56 Scout Tower
51:57 Scout Tower
52:49 Scout Tower
52:50 Scout Tower
52:50 Scout Tower
52:51 Scout Tower
52:52 Scout Tower
52:52 Scout Tower
52:53 Scout Tower
52:53 Scout Tower
52:54 Scout Tower
52:54 Scout Tower
52:58 Guard Tower
53:07 Guard Tower
53:09 Scout Tower
53:10 Scout Tower
53:10 Scout Tower
53:10 Scout Tower
53:13 Guard Tower
53:49 Guard Tower
53:51 Guard Tower
54:11 Guard Tower
54:43 Guard Tower
54:50 Guard Tower
54:53 Guard Tower
55:07 Guard Tower
55:23 Guard Tower
56:03 Scout Tower
56:04 Scout Tower
56:04 Scout Tower
56:17 Guard Tower
56:19 Scout Tower
56:20 Scout Tower
56:20 Scout Tower
56:21 Scout Tower
56:21 Scout Tower
56:22 Scout Tower
56:22 Scout Tower
56:22 Scout Tower
56:23 Scout Tower
56:23 Scout Tower
56:24 Scout Tower
56:24 Scout Tower
56:24 Scout Tower
56:24 Scout Tower
56:29 Scout Tower
56:29 Scout Tower
56:30 Scout Tower
57:25 Guard Tower
57:26 Scout Tower
57:27 Scout Tower
57:27 Scout Tower
57:28 Scout Tower
57:29 Scout Tower
57:29 Scout Tower
57:29 Scout Tower
57:30 Scout Tower
57:31 Scout Tower
57:31 Scout Tower
57:32 Scout Tower
57:49 Guard Tower
57:51 Scout Tower
57:51 Scout Tower
57:52 Scout Tower
57:53 Scout Tower
57:53 Scout Tower
57:54 Scout Tower
57:54 Scout Tower
57:55 Scout Tower
57:59 Scout Tower
57:59 Scout Tower
58:00 Scout Tower
58:01 Scout Tower
58:01 Scout Tower
58:02 Scout Tower
58:03 Scout Tower
58:04 Scout Tower
60:38 Workshop
60:39 Workshop
60:40 Workshop
60:41 Workshop
60:42 Workshop
60:42 Workshop
60:50 Guard Tower
60:59 Guard Tower
61:01 Guard Tower
61:36 Guard Tower
61:59 Blacksmith
62:05 Guard Tower
68:59 Lumber Mill
68:59 Lumber Mill
» items
| Lesser Clarity Potion | 2 | |
| Scroll of Town Portal | 1 | |
| Scroll of Regeneration | 1 | |
| Belt of Giant Strength +6 | 2 | |
| Healing Salve | 2 | |
| Orb of Lightning | 2 | |
| Staff of Sanctuary | 2 | |
| Boots of Quel'Thalas +6 | 3 | |
| Robe of the Magi +6 | 1 | |
| Sobi Mask | 2 | |
| Runed Bracers | 1 | |
| Ankh of Reincarnation | 1 | |
20 total
Chat log
(00:34 / All) smellslikeUPDOG: <---
(03:43 / All) smellslikeUPDOG: u must not know
(03:45 / All) smellslikeUPDOG: 'bout me
(03:55 / All) smellslikeUPDOG: u must not know 'bout me
(04:00 / All) WME.JuKKaR: hdf
(04:03 / All) WME.JuKKaR: aidschild
(04:54 / Allies) smellslikeUPDOG: 2 ??
(07:15 / Allies) smellslikeUPDOG: blocked
(08:02 / Allies) TIMG4StrOK: lumbrer
(08:39 / Allies) smellslikeUPDOG: noobs come to take my camp
(09:38 / Allies) smellslikeUPDOG: i
(09:42 / Allies) smellslikeUPDOG: was spamming
(09:45 / Allies) smellslikeUPDOG: when he was at 300 hp
(09:49 / Allies) smellslikeUPDOG: not my fault u bolted too early
(10:49 / Allies) smellslikeUPDOG: soloing a creep camp
(10:52 / Allies) smellslikeUPDOG: a novel concept
(12:53 / Allies) smellslikeUPDOG: do u have bats.
(14:43 / Allies) smellslikeUPDOG: nice entry to my base
(29:00 / Allies) BRG: CANT VENT HANG ON
(33:37 / Allies) BRG: gould
(33:41 / Allies) BRG: +11+
(36:45 / Allies) BRG: crank me gold and i go 100food bat
(36:57 / Allies) BRG: almost
(37:00 / Allies) BRG: zf
(37:05 / Allies) BRG: tier 2
(37:06 / Allies) BRG: 2/3
(48:12 / Allies) BRG: gold
(55:57 / All) BRG: heh
(55:59 / All) smellslikeUPDOG: c u
(56:51 / All) BRG: the rest of you
(56:51 / All) BRG: get
(56:57 / All) TIMG4StrOK: GE TLOST!
(57:08 / All) BRG: put egg in you shoe and BEAT IT!!!!!!!!!!
(58:42 / All) BRG: leaf
(60:37 / All) BRG: sorry retart
(62:27 / All) Paleon: 70k gold all together XD
(62:33 / All) BRG: and 34 apm
(62:36 / All) TIMG4StrOK: 70k noobs
(62:40 / All) smellslikeUPDOG: i have 70k gold on my own
(62:48 / All) Paleon: 1on1 noob?
(62:53 / All) BRG: ok
(62:56 / All) BRG: cha?
(63:12 / All) Paleon: i wont leave ^^^after game channel clan cor
(63:20 / All) smellslikeUPDOG: is that like corea
(63:26 / All) RoganJosh.Yum: leave now and let's 1v1. game is over.
(63:30 / All) TIMG4StrOK: all noob and leave
(63:36 / All) BRG: yros
(66:20 / All) smellslikeUPDOG: o no
(67:58 / All) BRG: no res
(67:59 / All) BRG: nope
(67:59 / All) BRG: never
(68:12 / All) Paleon: ?
(68:13 / All) Paleon: what
(68:46 / All) BRG: so
(68:47 / All) BRG: z
(68:49 / All) BRG: thought you was brian
(69:06 / All) Paleon: i play with 1 hand and watch tv ^^
(69:10 / All) Paleon: btw
(69:12 / All) BRG: i bet you do
(69:13 / All) BRG: i bet
(69:14 / All) BRG: you
(69:14 / All) smellslikeUPDOG: alot of ppl do that
(69:15 / All) BRG: do
(69:15 / All) RoganJosh.Yum: i play with 1 hand. my other hand on my dick. LOL
(69:16 / All) Paleon: whats the matter with you?
(69:17 / All) smellslikeUPDOG: its natural
(69:39 / All) Paleon: would be easy win 4 us if we stayed
(69:41 / All) Paleon: ^^
(69:43 / All) TIMG4StrOK: LOL!
(69:44 / All) BRG: really
(69:44 / All) RoganJosh.Yum: rofl hahaha
(69:44 / All) RoganJosh.Yum: no
(69:45 / All) BRG: hahahaha
(69:46 / All) TIMG4StrOK: but all noob
(69:47 / All) Paleon: but horrible long game
(69:48 / All) BRG: good joke
(69:49 / All) RoganJosh.Yum: you lost this whole time
(69:50 / All) BRG: your first joke
(69:56 / All) Paleon: huh?
(69:57 / All) BRG: baby's first joke
(70:20 / All) Paleon: i have 30k gold 10k wood purp has 42k gold 7k wood
(70:27 / All) Paleon: orange 10k gold 7k wood
(70:27 / All) smellslikeUPDOG: grats
(70:29 / All) BRG: really
(70:30 / All) smellslikeUPDOG: u have no skills
(70:33 / All) BRG: i havbe over 100k gold
(70:34 / All) smellslikeUPDOG: purp has no skill]
(70:37 / All) RoganJosh.Yum: i have 40k, and i am the lowest on my team
(70:38 / All) Paleon: and our hero lvl > urs
(70:42 / All) smellslikeUPDOG: no
(70:43 / All) smellslikeUPDOG: not at all
(70:44 / All) BRG: your dead hero
(70:45 / All) RoganJosh.Yum: i'm 6/5/5, stfu noob
(70:46 / All) smellslikeUPDOG: i have tri 7/7/7
(70:47 / All) TIMG4StrOK: and couldnt kill my base
(70:47 / All) BRG: 66 5
(70:49 / All) TIMG4StrOK: because fat noob
(70:55 / All) Paleon: i can play 14-1 solo
(70:58 / All) BRG: really
(70:59 / All) smellslikeUPDOG: O WOW
(70:59 / All) Paleon: orange 17-2
(71:00 / All) BRG: so like
(71:03 / All) smellslikeUPDOG: 14-1?
(71:04 / All) BRG: 13 0
(71:05 / All) smellslikeUPDOG: W! ! ! ! !
(71:06 / All) BRG: then you lose?
(71:11 / All) Paleon: 14-0
(71:12 / All) Paleon: ^^
(71:15 / All) RoganJosh.Yum: 14-1 is noob shit. i play 14-1 in my sleepe
(71:16 / All) Paleon: was my best
(71:25 / All) Paleon: y sure u do
(71:26 / All) Paleon: xD
(71:36 / All) Paleon: thats why you need to lame 4 a win
(71:37 / All) Paleon: :D
(71:41 / All) Paleon: dream on noob
(71:49 / All) smellslikeUPDOG: i showed ur gf a pic of ur dic and she said that
(71:52 / All) smellslikeUPDOG: "xD"
(71:58 / All) Paleon: ...
(73:00 / All) smellslikeUPDOG: very cute
(73:03 / All) BRG: wow
(73:06 / All) TIMG4StrOK: ahem afail